 Dungeon Crawl Stone Soup version 0.30.0-19-g36f170ea60 (webtiles) character file.

Game seed: 8702048411747327469

24632 wingedge the Covert (level 12, -17/95 HPs)
             Began as a Vampire Enchanter on May 29, 2023.
             Was a High Priest of Wu Jian.
             Killed from afar by a white draconian (30 damage)
             ... with a blast of cold
             ... in an ice cave on May 30, 2023.
             The game lasted 01:11:39 (16917 turns).

wingedge the Covert (Vampire Enchanter)            Turns: 16917, Time: 01:11:40

Health: -17/95     AC:  8    Str: 13    XL:     12   Next: 82%
Magic:  19/21      EV: 16    Int: 21    God:    Wu Jian [*****.]
Gold:   1663       SH: 11    Dex: 22    Spells: 8/23 levels left

rFire   . . .        b - +6 rapier (protect)
rCold   . . .        p - +2 buckler
rNeg    + . .        M - +2 robe {rN+}
rPois   +            i - +0 helmet
rElec   .            A - +0 cloak {rPois}
rCorr   .            q - +0 pair of gloves
SInv    +            K - +0 pair of boots {Fly}
Will    +....        G - amulet of reflection
Stlth   ++++++       E - +6 ring of strength
HPRegen 0.55/turn    I - +6 ring of dexterity
MPRegen 0.17/turn

%: reflection
@: confusing by touch, frozen, flying, healing quickly, invisible, very slow
A: alive, fangs 3, see invisible, vampiric 2
a: Exsanguinate, Renounce Religion, Wall Jump, Serpent's Lash, Heavenly Storm


You were in an ice cave.
You worshipped Wu Jian.
Wu Jian was extremely pleased with you.
You visited 2 branches of the dungeon, and saw 14 of its levels.
You also visited: Bailey and Ice Cave.

You collected 1663 gold pieces.

Inventory:

Hand Weapons
 a - a +1 dagger of venom
 b - a +6 rapier of protection (weapon)
 c - a +4 shortbow
 F - a +2 long sword of electrocution
Missiles
 t - 46 poisoned darts
 y - 20 boomerangs
 Q - 4 throwing nets
Armour
 i - a +0 helmet (worn)
 p - a +2 buckler (worn)
 q - a +0 pair of gloves (worn)
 A - a +0 cloak of poison resistance (worn)
 K - a +0 pair of boots of flying (worn)
 M - a +2 robe of positive energy (worn)
 U - +0 acid dragon scales
Magical Staves
 g - a staff of death
 x - a staff of fire
 Z - a staff of earth
Jewellery
 r - an amulet of regeneration
 s - a ring of fire
 w - an amulet of faith
 E - a +6 ring of strength (left hand)
 G - an amulet of reflection (around neck)
 I - a +6 ring of dexterity (right hand)
Wands
 d - a wand of roots (24)
 P - a wand of paralysis (3)
 W - a wand of digging (5)
 Y - a wand of polymorph (2)
Scrolls
 l - 3 scrolls of teleportation
 m - a scroll of magic mapping
 v - a scroll of fog
 D - 3 scrolls of torment
 J - a scroll of fear
 L - a scroll of blinking
 N - 2 scrolls of amnesia
 T - a scroll of immolation
 X - a scroll of enchant armour {unknown}
Potions
 e - 2 potions of magic
 f - 3 potions of heal wounds
 h - a potion of lignification
 j - 10 potions of curing
 k - a potion of mutation
 n - 7 potions of flight
 u - 2 potions of might
 z - a potion of brilliance
 B - 2 potions of invisibility
 C - a potion of cancellation {unknown}
 H - 3 potions of degeneration {unknown}
 O - 2 potions of haste
 S - 3 potions of attraction {unknown}
 V - 8 potions of ambrosia


   Skills:
 + Level 9.3 Fighting
 + Level 7.5(7.8) Short Blades
 - Level 2.4(5.0) Long Blades
 + Level 0.0 Armour
 + Level 5.9 Dodging
 + Level 12.5 Stealth
 + Level 0.1 Shields
 - Level 6.0 Spellcasting
 - Level 6.0 Conjurations
 - Level 10.0 Hexes
 + Level 10.2 Transmutations
 - Level 4.0 Ice Magic


You had 8 spell levels left.
You knew the following spells:

 Your Spells              Type           Power      Damage    Failure   Level
a - Ensorcelled Hibernat  Hex/Ice        70%        N/A       1%          2
b - Confusing Touch       Hex            48%        N/A       1%          3
c - Tukima's Dance        Hex            48%        N/A       1%          3
d - Irradiate             Conj/Tmut      20%        3d18      14%         5
e - Passwall              Tmut/Erth      22%        N/A       2%          2

Your spell library contained the following spells:

 Spells                   Type           Power      Damage    Failure   Level
 Dazzling Flash           Conj/Hex       78%        N/A       1%          3
 Freeze                   Ice            92%        1d9       2%          1
 Hailstorm                Conj/Ice       27%        3d7       5%          3
 Frozen Ramparts          Ice            46%        1d7       8%          3
 Ice Form                 Ice/Tmut       36%        N/A       8%          4
 Apportation              Tloc           12%        N/A       14%         1
 Necrotise                Necr           24%        1d5       14%         1
 Summon Small Mammal      Summ           24%        N/A       14%         1
 Petrify                  Tmut/Erth      27%        N/A       17%         4
 Mephitic Cloud           Conj/Pois/Air  14%        N/A       19%         3
 Poisonous Vapours        Pois/Air       12%        N/A       21%         2
 Sublimation of Blood     Necr           6%         N/A       21%         2
 Swiftness                Air            6%         N/A       38%         3
 Summon Ice Beast         Ice/Summ       14%        N/A       52%         4
 Freezing Cloud           Conj/Ice/Air   10%        6-21      67%         5


Dungeon Overview and Level Annotations

Branches:
Dungeon (11/15)            Temple (0/1) D:7            Lair (3/5) D:11
    Orc (0/2) D:10         Bailey (visited)           IceCv (1/1)
  Swamp: Lair:2-3    Shoals: Lair:2-3     Snake: Lair:2-3    Spider: Lair:2-3

Altars:
Dithmenos
Gozag
Kikubaaqudgha
Makhleb
Ru
Sif Muna
Vehumet
Wu Jian

Shops:
D:1 :

Annotations:
D:3 3 runed translucent doors, rundlesten's ghost, amateur MiBe


Innate Abilities, Weirdness & Mutations

Your natural rate of healing is accelerated.
You have razor-sharp teeth.
You have supernaturally acute eyesight. (SInv)
You are afflicted with vampirism and can become a bat while bloodless.


Message History

The white draconian breathes frost at you.
The blast of cold hits the rime drake!
The rime drake resists.
The blast of cold hits you!!!
Press: ? - help, v - describe, . - travel
Here: a rime drake (moderately wounded, chance to confuse on hit: 71%)
The floor.
Press: ? - help, v - describe, . - travel
Here: a white draconian, wielding a +0 hand axe (chance to confuse on hit: 53%)
The floor.
Unknown command.
Casting: Confusing Touch (safe; 1% risk of failure)
Confirm with . or Enter, or press ? or * to list all spells.
Okay, then.
You feel much better.
The white draconian breathes frost at you.
The blast of cold hits the rime drake!
The rime drake resists.
The blast of cold hits you!!
* * * LOW HITPOINT WARNING * * *
The rime drake barely misses you.
You feel much better. The ice encasing you melts away.
The rime drake breathes ice at you. The icy flash freeze misses you.
Casting: Confusing Touch (safe; 1% risk of failure)
Confirm with . or Enter, or press ? or * to list all spells.
Okay, then.
You fade into invisibility!
The rime drake bites you.
You spin and attack the rime drake.
You hit the rime drake but do no damage.
The rime drake hisses angrily.
You bite the rime drake.
The rime drake is almost dead.
The rime drake breathes ice at you. The icy flash freeze hits you!!
* * * LOW HITPOINT WARNING * * *
You are encased in ice.
The white draconian breathes frost at you.
The blast of cold hits you!!
You die...

......##
###....##
####..## ###
##..###.## #
##.#....# ..
#...##.# .k.
#####..### Z...
#...##.## .....
##.....@#Z....#
####..kdk.#
########


You could see a white draconian (unable to see you, catching breath) and 2 rime
drakes.

Vanquished Creatures
  Erolcha (D:10)
  A boulder beetle (D:11)
  3 two-headed ogres
  Nergalle (D:11)
  Lodul (D:11)
  An orc knight (Bailey)
  A black mamba (Lair:1)
  2 ice statues (IceCv)
  A gargoyle (D:11)
  2 rime drakes (IceCv)
  3 cane toads
  5 komodo dragons
  3 trolls
  Grinder (D:6)
  A queen bee (Lair:1)
  A hornet (D:5)
  Prince Ribbit (D:7)
  Sigmund (D:2)
  2 shadows (D:11)
  2 wyverns
  2 wraiths (D:11)
  32 yaks
  Eustachio (D:6)
  3 basilisks
  4 vampire mosquitoes (D:11)
  An acid dragon (D:11)
  5 water moccasins
  2 sky beasts (D:6)
  2 black bears (D:6)
  9 orc warriors
  6 wolves
  8 ogres
  6 centaurs
  3 kobold brigands
  2 phantoms
  Blork the orc (D:4)
  3 bullfrogs (Lair:1)
  4 gnoll sergeants
  3 scorpions
  2 wights (D:10)
  A lindwurm simulacrum (IceCv)
  29 killer bees
  3 howler monkeys
  6 komodo dragon simulacra (IceCv)
  3 hounds
  A jelly (D:5)
  7 orc priests
  Crazy Yiuf (D:4)
  Ijyb (D:5)
  2 iguanas (D:6)
  13 orc wizards
  8 acid dragon simulacra (IceCv)
  22 gnolls
  7 adders
  2 shadow imps
  A white imp (D:5)
  An ufetubus (D:5)
  4 steam dragon simulacra (IceCv)
  2 worms
  2 dart slugs
  28 orcs
  3 bats
  9 endoplasms
  A giant cockroach (D:4)
  13 goblins
  9 hobgoblins
  2 jackals (D:2)
  55 kobolds
  6 quokkas
  5 ball pythons
  4 frilled lizards
  5 rats
389 creatures vanquished.

Vanquished Creatures (collateral kills)
  Harold (Lair:1)
  3 wights (D:10)
  4 gnolls
  A goblin (Bailey)
9 creatures vanquished.

Vanquished Creatures (others)
  5 dancing weapons
5 creatures vanquished.

Grand Total: 403 creatures vanquished

Notes
Turn   | Place    | Note
-------+----------+-------------------------------------------
     0 | D:1      | wingedge the Vampire Enchanter began the quest for the Orb.
     0 | D:1      | Reached XP level 1. HP: 13/13 MP: 3/3
    89 | D:1      | Reached skill level 1 in Ice Magic
   162 | D:1      | Reached XP level 2. HP: 19/19 MP: 5/5
   165 | D:1      | Learned a level 2 spell: Ensorcelled Hibernation
   168 | D:1      | Found Qumetusk's Book Boutique.
   705 | D:1      | Found a faded altar of an unknown god.
   968 | D:1      | Gained mutation: You are afflicted with vampirism and can
                  | become a bat while bloodless. [Vampire growth]
   968 | D:1      | Reached XP level 3. HP: 12/24 MP: 1/6
  1364 | D:2      | Reached XP level 4. HP: 31/31 MP: 4/7
  1365 | D:2      | Reached skill level 1 in Fighting
  1560 | D:2      | Identified the +3 short sword of the New World {antimagic,
                  | *Rage rPois SInv}
  1663 | D:2      | Reached skill level 5 in Stealth
  1716 | D:2      | Noticed Sigmund
  1733 | D:2      | Killed Sigmund
  1734 | D:2      | Reached skill level 5 in Hexes
  1734 | D:2      | Reached XP level 5. HP: 37/38 MP: 1/9
  1815 | D:2      | Learned a level 3 spell: Confusing Touch
  1819 | D:2      | Learned a level 3 spell: Tukima's Dance
  1938 | D:2      | Reached XP level 6. HP: 35/35 MP: 3/10
  2324 | D:3      | Found a runed translucent gate.
  2324 | D:3      | Found a runed translucent gate.
  2324 | D:3      | Found a runed translucent gate.
  2326 | D:3      | Found an opulent altar of Gozag.
  2344 | D:3      | Noticed rundlesten's ghost (amateur MiBe)
  2776 | D:4      | Reached skill level 1 in Transmutations
  2883 | D:4      | Found a runed translucent door.
  2884 | D:4      | Noticed Crazy Yiuf
  2889 | D:4      | Killed Crazy Yiuf
  2890 | D:4      | Reached skill level 6 in Stealth
  3070 | D:4      | Reached skill level 1 in Conjurations
  3072 | D:4      | Reached XP level 7. HP: 40/40 MP: 6/11
  3600 | D:4      | Noticed Blork the orc
  3607 | D:4      | Killed Blork the orc
  3790 | D:5      | Entered Level 5 of the Dungeon
  4609 | D:5      | Noticed Ijyb
  4616 | D:5      | Killed Ijyb
  4850 | D:5      | Reached XP level 8. HP: 46/46 MP: 10/13
  5064 | D:5      | Found a burning altar of Makhleb.
  5710 | D:5      | Noticed a hornet
  5718 | D:5      | Killed a hornet
  5719 | D:5      | Reached skill level 1 in Long Blades
  5804 | D:6      | Reached skill level 7 in Stealth
  6198 | D:6      | Reached XP level 9. HP: 65/65 MP: 3/15
  6569 | D:6      | Reached skill level 8 in Stealth
  6751 | D:6      | Found an ornate altar of the Wu Jian Council.
  6760 | D:6      | Noticed Eustachio
  6761 | D:6      | Noticed Grinder
  6765 | D:6      | Killed Eustachio
  6774 | D:6      | Killed Grinder
  6823 | D:6      | Became a worshipper of the Wu Jian Council
  7209 | D:6      | Reached skill level 5 in Spellcasting
  7244 | D:6      | Found a sacrificial altar of Ru.
  7248 | D:6      | Found a radiant altar of Vehumet.
  7613 | D:7      | Noticed Prince Ribbit
  7617 | D:7      | Killed Prince Ribbit
  7650 | D:7      | Found a staircase to the Ecumenical Temple.
  7734 | D:7      | Found a flagged portal.
  7746 | Bailey   | Entered a bailey
  7773 | Bailey   | Reached skill level 9 in Stealth
  7778 | Bailey   | Reached * piety under Wu Jian
  7951 | Bailey   | Noticed an orc knight
  7980 | Bailey   | Killed an orc knight
  7981 | Bailey   | Reached skill level 5 in Fighting
  7990 | Bailey   | Reached XP level 10. HP: 61/74 MP: 3/18
  8471 | D:7      | Reached skill level 5 in Transmutations
  8660 | D:7      | Reached ** piety under Wu Jian
  8922 | D:8      | Found a shadowy altar of Dithmenos.
  9068 | D:8      | Found an ancient bone altar of Kikubaaqudgha.
  9752 | D:9      | Reached skill level 5 in Short Blades
  9771 | D:9      | Reached skill level 5 in Conjurations
  9867 | D:9      | Learned a level 5 spell: Irradiate
 10039 | D:9      | Reached *** piety under Wu Jian
 10060 | D:9      | Noticed a two-headed ogre
 10071 | D:9      | Killed a two-headed ogre
 10337 | D:9      | Reached XP level 11. HP: 69/81 MP: 12/20
 10733 | D:9      | Reached skill level 10 in Stealth
 10805 | D:9      | Found a shimmering blue altar of Sif Muna.
 10916 | D:10     | Entered Level 10 of the Dungeon
 11057 | D:10     | Noticed Erolcha
 11075 | D:10     | Killed Erolcha
 11076 | D:10     | Reached skill level 10 in Hexes
 11303 | D:10     | Found a staircase to the Orcish Mines.
 11380 | D:10     | Noticed a two-headed ogre
 11386 | D:10     | Killed a two-headed ogre
 11634 | D:10     | Noticed a two-headed ogre
 11720 | D:10     | Killed a two-headed ogre
 11721 | D:10     | Reached skill level 11 in Stealth
 11998 | D:11     | Noticed a boulder beetle
 12009 | D:11     | Killed a boulder beetle
 12016 | D:11     | Learned a level 2 spell: Passwall
 12082 | D:11     | Reached **** piety under Wu Jian
 12374 | D:11     | Noticed Nergalle
 12385 | D:11     | Killed Nergalle
 12573 | D:11     | Noticed Lodul
 12582 | D:11     | Reached XP level 12. HP: 92/92 MP: 13/21
 12971 | D:11     | Found the +2 hat of the Bear Spirit {Spirit, Bear, *Rage
                  | Will++}
 13118 | D:11     | Killed Lodul
 13454 | D:11     | Found a staircase to the Lair.
 13763 | Lair:1   | Entered Level 1 of the Lair of Beasts
 13905 | Lair:1   | Noticed Harold
 14197 | Lair:1   | Killed Harold
 14643 | Lair:1   | Reached skill level 5 in Dodging
 14654 | Lair:1   | Reached ***** piety under Wu Jian
 15045 | Lair:1   | Reached skill level 12 in Stealth
 15069 | Lair:1   | Reached skill level 10 in Transmutations
 15607 | Lair:2   | You are sucked into a shaft and drop 1 floor!
 15611 | Lair:3   | Noticed a six-headed hydra
 15713 | Lair:3   | Found a frozen archway.
 15717 | IceCv    | Entered an ice cave
 16684 | IceCv    | Noticed a white draconian
 16917 | IceCv    | Killed from afar by a white draconian

Illustrated notes

Levels and vault maps discovered:
D:1:      matt_arrival_grand_opening, layout_loops_ring,
          shapermc_ecumenical_altar_flowoftime, serial_shops, shop_fountains
D:2:      layout_loops_ring, minmay_misc_feat_alley, uniq_sigmund
D:3:      layout_rooms, ebering_ghost_gozag, kennysheep_generic_room_13
D:4:      layout_cave_pods, serial_park, serial_park_paths
          [serial_park_minivault_5x5_7], serial_park_gazebo
          [serial_park_minivault_5x5_5], st_stairs_2, uniq_crazy_yiuf_cottage,
          uniq_blork_the_orc
D:5:      minmay_goblin_kobold_castle, layout_cave_pools,
          lightli_temple_of_fire, serial_park, serial_park_tiny_2,
          serial_park_square1 [serial_park_minivault_5x5_8],
          serial_park_tiny_pond, uniq_ijyb
D:6:      layout_layer_cave, minitemple, nicolae_wu_jian_glorious_leap,
          minmay_misc_feat_more_columns, kennysheep_generic_room_7,
          uniq_grinder, uniq_eustachio
D:7:      layout_basic, minmay_temple_entry_waves, enter_bailey_4,
          uniq_prince_ribbit1
D:8:      layout_loops_cross, lemuel_tele_altar, kennysheep_mini_moat
D:9:      layout_long_grid, led_sif_book, mainiacjoe_overflow_chevrons
D:10:     layout_cave_pools, orc_0_dummy, chequers_serial_rivers_large_b,
          kennysheep_generic_room_6, uniq_erolcha
D:11:     layout_basic, erik_lair_dragon, serial_glass, glass_columns_b,
          glass_columns_b, minmay_strange_pillars, due_unseen_surprise,
          hive_lemuel, uniq_lodul, uniq_nergalle
Lair:1:   layout_cellular_growth, special_room [special_room_bee],
          grunt_megastairs_2, uniq_harold
Lair:2:   layout_chaotic_city, swamp_mist_pool
Lair:3:   layout_small_grid, spider_nest_entry_webs,
          portal_ice_cave_entry_pillars_2, grunt_megastairs_1,
          infiniplex_staircase_pool_2
IceCv:    ice_cave_small_dragons

Skill      XL: |  1  2  3  4  5  6  7  8  9 10 11 12 |
---------------+-------------------------------------+-----
Ice Magic      | 1 2 3 4 |  4.0
Fighting       | 2 3 4 5 6 7 9 |  9.3
Stealth        | 5 6 7 9 11 12 | 12.5
Spellcasting   | 3 4 5 6 |  6.0
Hexes          | 6 7 8 9 10 | 10.0
Transmutations | 1 2 3 4 6 8 10 | 10.2
Short Blades   | 2 3 6 7 |  7.5
Conjurations   | 1 2 3 5 6 |  6.0
Long Blades    | 2 |  2.4
Dodging        | 4 5 |  5.9
Shields        | |  0.1

Action                     |  1- 3 |  4- 6 |  7- 9 | 10-12 || total
---------------------------+-------+-------+-------+-------++-------
  Melee: Rapier            |    22 |       |    54 |   424 ||   500
         Dagger            |    43 |    34 |   155 |       ||   232
         Bite              |     8 |     3 |    31 |    52 ||    94
         Morningstar       |    11 |    34 |     6 |       ||    51
         Long sword        |       |       |    36 |     8 ||    44
  Throw: Dart              |       |       |     5 |       ||     5
   Cast: Ensorcelled Hiber |    25 |    21 |    92 |   169 ||   307
         Tukima's Dance    |       |     1 |    10 |    11 ||    22
         Confusing Touch   |       |     1 |     5 |    28 ||    34
         Passwall          |       |       |       |     2 ||     2
         Irradiate         |       |       |       |    11 ||    11
 Invoke: Serpent's Lash    |       |       |       |     2 ||     2
Ability: Exsanguinate      |       |     1 |       |     2 ||     3
         Revivify          |       |       |     1 |     1 ||     2
         Lunge             |       |       |    10 |    60 ||    70
         Whirlwind         |       |       |       |    27 ||    27
         Wall Jump         |       |       |       |     2 ||     2
         End Transformatio |       |       |       |     1 ||     1
         Bat Form          |       |       |       |     1 ||     1
    Use: Scroll            |       |       |     8 |    20 ||    28
         Potion            |       |       |     3 |     5 ||     8
   Stab: Sleeping          |    22 |    24 |    70 |   113 ||   229
         Distracted        |       |     1 |     3 |     1 ||     5
         Invisible         |       |       |     2 |       ||     2
         Confused          |       |       |     6 |    21 ||    27
 Armour: Robe              |    16 |    19 |    72 |    83 ||   190
  Dodge: Dodged            |    48 |    26 |   157 |   299 ||   530
  Block: Buckler           |       |       |    55 |   238 ||   293
         Reflection        |       |       |       |     3 ||     3
         Other             |       |       |       |     5 ||     5
